 Dungeon Crawl Stone Soup version 0.29.1-1-gd02db6906a (webtiles) character file.

Game seed: 17639697127449866867

10 Demigod47 the Trooper (level 2, 0/27 HPs)
             Began as a Minotaur Fighter on Oct 13, 2022.
             Frozen to death by an endoplasm (3 damage)
             ... on level 2 of the Dungeon.
             The game lasted 00:00:24 (213 turns).

Demigod47 the Trooper (Minotaur Fighter)             Turns: 213, Time: 00:00:25

Health: 0/27       AC:  7    Str: 20    XL:     2   Next: 10%
Magic:  1/1        EV:  9    Int:  5    God:
Gold:   13         SH:  4    Dex:  9    Spells: 1/1 levels left

rFire   . . .      SeeInvis .   a - +0 flail
rCold   . . .      Faith    .   c - +0 buckler
rNeg    . . .      Spirit   .   b - +0 scale mail
rPois   .          Reflect  .   (helmet restricted)
rElec   .          Harm     .   (no cloak)
rCorr   .          Rampage  .   (no gloves)
Will    .....                   (no boots)
Stlth   ..........              (no amulet)
HPRegen 0.09/turn               (no ring)
MPRegen 0.07/turn               (no ring)

@: no status effects
A: horns 2, retaliatory headbutt
a: no special abilities


You were on level 2 of the Dungeon.
You visited 1 branch of the dungeon, and saw 2 of its levels.

You collected 13 gold pieces.

Inventory:

Hand Weapons
 a - a +0 flail (weapon)
Armour
 b - a +0 scale mail (worn)
 c - a +0 buckler (worn)
Scrolls
 e - a scroll of fear {unknown}
 f - a scroll of fog {unknown}
 g - a scroll of acquirement {unknown}
Potions
 d - a potion of might


   Skills:
 + Level 3.8 Fighting
 * Level 2.7 Maces & Flails
 + Level 3.8 Armour
 + Level 3.8 Shields


You had one spell level left.
You didn't know any spells.
Your spell library was empty.

Dungeon Overview and Level Annotations

Branches:
Dungeon (1/15)

Altars:


Innate Abilities, Weirdness & Mutations

You have a pair of horns on your head.
You reflexively headbutt those who attack you in melee.


Message History

An endoplasm comes into view.
The endoplasm quivers.
The hobgoblin hits you but does no damage.
The hobgoblin hits you. The hobgoblin attacks as you move away!
You block the hobgoblin's attack. The kobold hits you but does no damage.
The kobold closely misses you. You furiously retaliate!
You headbutt the kobold, but do no damage.
You closely miss the kobold. Your headbutt misses the kobold.
You block the hobgoblin's attack. The kobold hits you but does no damage.
You barely miss the kobold.
You headbutt the kobold, but do no damage.
The hobgoblin hits you.
The kobold hits you with a +0 short sword.
You closely miss the kobold.
The hobgoblin hits you but does no damage.
The endoplasm freezes you.
You are frozen.
The kobold hits you with a +0 short sword.
You closely miss the kobold. You headbutt the kobold.
You kill the kobold!
The endoplasm hits you but does no damage.
The hobgoblin barely misses you. The endoplasm freezes you.
You are frozen.
* * * LOW HITPOINT WARNING * * *
The hobgoblin hits you.
* * * LOW HITPOINT WARNING * * *
You closely miss the hobgoblin. You block the hobgoblin's attack.
The endoplasm freezes you.
You are frozen.
* * * LOW HITPOINT WARNING * * *
You sock the hobgoblin!
You kill the hobgoblin!
The endoplasm hits you but does no damage.
You barely miss the endoplasm. You block the endoplasm's attack.
The endoplasm hits you but does no damage.
The endoplasm freezes you.
You are frozen.
You die...

##. ..# .. .
#.## ... ..
#..# ####...
... #..##
...... ...
#...##.#..# ..
#.#....).#
#..#.#.#.J).###
#......J@##
#.......#..#
#..#.#.####...#
#.)#..#.# ##.#
. #.. ..# .#
#..#.J.. .
#..#..... .
..#...... ..


You could see 2 endoplasms.

Vanquished Creatures
  A ball python (D:2)
  2 endoplasms (D:1)
  A goblin (D:1)
  A hobgoblin (D:2)
  2 kobolds
  A quokka (D:1)
8 creatures vanquished.

Notes
Turn   | Place    | Note
-------+----------+-------------------------------------------
     0 | D:1      | Demigod47 the Minotaur Fighter began the quest for the Orb.
     0 | D:1      | Reached XP level 1. HP: 19/19 MP: 0/0
   197 | D:1      | You fall into a shaft and drop 1 floor!
   203 | D:2      | Reached XP level 2. HP: 24/27 MP: 1/1
   213 | D:2      | Frozen to death by an endoplasm

Illustrated notes

Levels and vault maps discovered:
D:1:      dpeg_arrival_arbitrary_a, layout_basic,
          chequers_ecumenical_altar_simple, serial_shops, shop,
          minmay_crystal_room, st_stairs_4, minmay_misc_feat_pillars,
          chequers_big_river
D:2:      layout_rooms, minmay_misc_feat_diagonals

Action                   || total
-------------------------++-------
Melee: Flail             ||    15
       Headbutt          ||     4
Armor: Scale mail        ||    10
Dodge: Dodged            ||     6
Block: Buckler           ||     5
